 Dungeon Crawl Stone Soup version 0.29-a0-993-g4a18f31a58 (webtiles) character file.

Game seed: 1585038441272525568

196796 Pooter the Executioner (level 17, 0/162 HPs)
             Began as a Minotaur Berserker on Aug 1, 2022.
             Was a High Priest of Trog.
             Engulfed by a death drake's foul pestilence (8 damage)
             ... on level 2 of the Swamp on Aug 2, 2022.
             The game lasted 04:23:30 (46485 turns).

Pooter the Executioner (Minotaur Berserker)        Turns: 46485, Time: 04:23:30

Health: 0/162      AC: 29    Str: 24    XL:     17   Next: 75%
Magic:  16/16      EV: 13    Int:  5    God:    Trog [*****.]
Gold:   1145       SH:  7    Dex: 17    Spells: 16/16 levels left

rFire   + + .      SeeInvis .   a - +5 battleaxe (freeze)
rCold   + . .      Faith    .   (shield currently unavailable)
rNeg    . . .      Spirit   .   Y - +5 plate armour {rF+}
rPois   +          Reflect  +   (helmet restricted)
rElec   .          Harm     .   l - +0 cloak {Will+}
rCorr   .          Rampage  .   Z - +2 pair of gloves {Stlth+}
Will    ++++.                   j - +0 pair of boots
Stlth   ..........              J - amulet "Lighiwkog" {Reflect rF+ SH+5}
HPRegen 1.37/turn               H - ring of the Octopus King {Fly HP+2 AC+2 EV+2 SH+2}
MPRegen 0.15/turn               P - ring of poison resistance

@: lethally poisoned (0 -> -12), strong-willed, flying, regenerating, slowed,
very slow
A: horns 2, retaliatory headbutt, agile 1, cold resistance 1
}: 1/15 runes: serpentine
a: Renounce Religion, Berserk, Trog's Hand, Brothers in Arms


You were on level 2 of the Swamp.
You worshipped Trog.
Trog was extremely pleased with you.
You visited 6 branches of the dungeon, and saw 29 of its levels.
You visited 1 bazaar.
You also visited: Ice Cave.

You collected 3286 gold pieces.
You spent 2141 gold pieces at shops.

Inventory:

Hand Weapons
 a - a +5 battleaxe of freezing (weapon)
   (You took it off an orc wizard on level 9 of the Dungeon)
 b - a +3 vorpal arbalest
   (You found it on level 1 of the Lair of Beasts)
 G - a +4 morningstar
   (You took it off a wight on level 6 of the Dungeon)
 O - the +8 mithril axe "Arga" {speed, Will+}
   (You found it on level 9 of the Dungeon)

   Attacks with this weapon are significantly faster.
   Will:      It increases your willpower.
Missiles
 e - a boomerang of dispersal {!f}
 h - 71 poisoned darts
 k - 23 boomerangs (quivered)
 z - 2 javelins
 M - 3 curare-tipped darts
Armour
 j - a +0 pair of boots (worn)
   (You found it on level 3 of the Lair of Beasts)
 l - a +0 cloak of willpower (worn)
   (You bought it in a shop in a bazaar)
 q - a scarf of invisibility
   (You found it on level 11 of the Dungeon)
 Y - a +5 plate armour of fire resistance (worn)
   (You took it off an orc warrior on level 2 of the Orcish Mines)
 Z - a +2 pair of gloves of stealth (worn)
   (You bought it in a shop in a bazaar)
Jewellery
 F - a ring of protection from fire
   (You found it on level 3 of the Lair of Beasts)
 H - a ring of the Octopus King (left hand) {Fly HP+2 AC+2 EV+2 SH+2}
   (You took it off a centaur warrior on level 9 of the Dungeon)

   [ring of flight]

   AC:        It affects your AC (+2).
   EV:        It affects your evasion (+2).
   HP:        It affects your health (+2).
   Fly:       It grants you flight.
   SH:        It affects your SH (+2).
 I - a ring of protection from cold
   (You took it off an orc wizard on level 9 of the Dungeon)
 J - the amulet "Lighiwkog" (around neck) {Reflect rF+ SH+5}
   (You acquired it on level 1 of the Snake Pit)

   [amulet of reflection]

   It reflects blocked missile attacks.
   rF:        It protects you from fire.
   SH:        It affects your SH (+5).
 P - a ring of poison resistance (right hand)
   (You bought it in a shop on level 2 of the Orcish Mines)
 R - a ring of protection from fire
   (You took it off a spriggan on level 1 of the Swamp)
 S - a ring of see invisible
   (You bought it in a shop on level 2 of the Orcish Mines)
 W - a +6 ring of dexterity
   (You found it on level 12 of the Dungeon)
Wands
 c - a wand of mindburst (10)
   (You found it on level 15 of the Dungeon)
 d - a wand of iceblast (16)
   (You found it on level 7 of the Dungeon)
 f - a wand of flame (64)
   (You found it on level 10 of the Dungeon)
 x - a wand of acid (8)
   (You took it off an orc wizard on level 9 of the Dungeon)
 C - a wand of charming (13)
   (You found it on level 6 of the Dungeon)
 D - a wand of digging (19)
   (You found it on level 3 of the Lair of Beasts)
 N - a wand of polymorph (10)
   (You found it on level 2 of the Lair of Beasts)
Scrolls
 i - 7 scrolls of identify {@r1}
 p - 4 scrolls of immolation {!r}
 r - 4 scrolls of silence
 t - 4 scrolls of teleportation {@r4}
 w - 5 scrolls of fear
 B - 2 scrolls of noise {!r}
 E - 2 scrolls of butterflies
 Q - 4 scrolls of poison {!r}
 X - 2 scrolls of blinking
Potions
 g - 2 potions of heal wounds {@q2}
 m - a potion of invisibility
 n - 5 potions of curing {@q1}
 o - 5 potions of mutation {!q}
 s - 8 potions of lignification {!q}
 u - 2 potions of ambrosia
 A - a potion of might
 L - 4 potions of attraction {!q}
 U - a potion of cancellation
 V - a potion of haste {@q3}
Miscellaneous
 v - a tin of tremorstones (2/2)
   (You found it in an ice cave)
 y - a phantom mirror
   (You found it on level 13 of the Dungeon)
 T - a piece from Xom's chessboard (15/15)
   (You found it in an ice cave)


   Skills:
 + Level 16.7 Fighting
 + Level 21.0 Axes
 - Level 18.0 Ranged Weapons
 - Level 4.2 Throwing
 + Level 12.4 Armour
 + Level 7.2 Dodging
 + Level 5.6 Stealth
 - Level 10.4 Evocations


You had 16 spell levels left.
You didn't know any spells.
Your spell library was empty.

Dungeon Overview and Level Annotations

Branches:
Dungeon (15/15)            Temple (0/1) D:4            Lair (5/5) D:10
  Swamp (2/4) Lair:3        Snake (4/4) Lair:2        Slime (0/5) Lair:4
    Orc (2/2) D:12            Elf (1/3) Orc:2        Vaults (0/5) D:13
 Depths (0/4) D:15          IceCv (visited)

Altars:
Ashenzari
Cheibriados
Dithmenos
Kikubaaqudgha
Makhleb
Nemelex Xobeh
Okawaru
Ru
Trog
Uskayaw
Vehumet
Xom
Yredelemnul
Jiyva

Shops:
D:4 :   D:5 :   D:9 :   Orc:1 *   Orc:2 =*!:   Snake:3 ?   Snake:4 *

Annotations:
D:2 1 runed translucent door, Crazy Yiuf
D:15 2 transporters, Ireuz's ghost, journeyman GrFi


Innate Abilities, Weirdness & Mutations

You have a pair of horns on your head.
You reflexively headbutt those who attack you in melee.
You are agile. (Dex +4, Str/Int -1)
Your flesh is cold resistant. (rC+)


Message History

You feel extremely sick.
The withered plant is engulfed in dark miasma. x2
The withered plant crumbles away.
You slice the withered plant like a ripe choko!!!
You freeze the withered plant! You headbutt the withered plant!
You are engulfed in dark miasma.
You feel extremely sick.
The withered plant is engulfed in dark miasma.
The withered plant crumbles away.
You slice the death drake!!
The death drake seems to slow down.
You freeze the death drake. You headbutt the death drake!
You are engulfed in dark miasma.
You are more poisoned.
You feel extremely sick.
You completely miss the death drake. You headbutt the death drake.
You are engulfed in dark miasma.
You feel yourself slow down.
* * * LOW HITPOINT WARNING * * *
You feel extremely sick. You block the death drake's attack.
You slash the death drake! You freeze the death drake.
Your headbutt misses the death drake.
You feel extremely sick.
You barely miss the death drake.
You feel extremely sick.
The death drake bites you but does no damage.
You barely miss the death drake.
You headbutt the death drake, but do no damage.
You feel extremely sick. The death drake breathes miasma at you.
The foul vapour engulfs you!
You are more poisoned.
* * * LOW HITPOINT WARNING * * *
You completely miss the death drake.
You are engulfed in dark miasma.
* * * LOW HITPOINT WARNING * * *
* * * LOW HITPOINT WARNING * * *
You feel extremely sick. The death drake closely misses you.
Unknown command.
Unknown command.
You feel better.
You are engulfed in dark miasma.
* * * LOW HITPOINT WARNING * * *
The death drake is no longer moving slowly.
The death drake bites you!
* * * LOW HITPOINT WARNING * * *
You slash the death drake! You freeze the death drake.
Your headbutt misses the death drake.
You are engulfed in dark miasma.
You are lethally poisoned!
You feel as though you will be slow longer.
You die...

~****,~,****
***,,,,,,,***
*,,,,,,,,,,,****
⌠,,,,,,,,,,,⌠*~*
*,,,,,,,,,,,**~* ####
***,,,,,,,*##**###.)###
♣ ***,,,*###$$,#~~..'~#
♣♣ *+++*..P[.$###..###
~♣ **,,,*#..|..k@'..'~#
~♣#*,,,,,##....###..###
~~##,,,,~*##~~~#~'..+~*
♣~~♣♣,,*~~~##~~###..#**
##~~♣♣,~~,,*######..###
###~~♣⌠,,,,+...~......#
♣##.~♣♣~,,,+..~~~~....#
~#♣.~~♣♣~,,*#####~~.###
.#♣~..~♣♣♣,#♣♣~###~~###


You could see a death drake (catching breath).

Vanquished Creatures
  Nikola (Swamp:1)
  Asterion (Snake:2)
  A nagaraja (Snake:3)
  Kirke (Snake:2)
  A deep elf demonologist (Elf:1)
  The ghost of RevDB the Warrior, a journeyman MiFi of Okawaru (Lair:2)
  An eleionoma (Swamp:1)
  2 deep elf annihilators (Elf:1)
  A bunyip (Swamp:1)
  Snorg (Orc:2)
  An ettin (Orc:1)
  A fire dragon (Lair:5)
  3 salamander tyrants
  A rakshasa (D:13)
  6 boulder beetles
  8 hydras
  The ghost of Esaaleno the Frost Mage, a journeyman NaIE of Cheibriados (Lair:2)
  2 catoblepae
  A vault guard (D:13)
  The ghost of Yogidamonk the Protected, a novice MiBe of Trog (D:8)
  The ghost of dang3rdave the Cleaver, a journeyman GrTm of Ignis (D:11)
  A dancing weapon (Elf:1)
  3 centaur warriors
  2 alligators (Swamp:1)
  A tengu warrior (D:15)
  6 two-headed ogres
  3 death yaks (D:9)
  15 anacondas
  4 orc high priests (Orc:2)
  15 naga warriors
  The ghost of SkeletonJelly the Skirmisher, a journeyman SpHu of Fedhas (D:12)
  7 shock serpents
  10 naga sharpshooters
  6 salamander mystics
  4 sea snakes
  6 skeletal warriors
  7 naga ritualists
  2 goliath frogs
  A spriggan druid (Swamp:1)
  5 bog bodies
  A deep elf archer (Elf:1)
  A phantasmal warrior (Swamp:2)
  5 swamp dragons
  4 lindwurms (Snake:4)
  Pikel (D:5)
  16 mana vipers
  5 deep elf zephyrmancers (Elf:1)
  2 goliath frog zombies (Swamp:2)
  4 cyclopes (D:9)
  2 deep elf pyromancers
  16 salamanders
  2 will-o-the-wisps
  An orc sorcerer (Orc:2)
  A moth of wrath (D:11)
  8 ugly things
  2 manticores
  3 elephants (Lair:4)
  16 naga magi
  42 black mambas
  2 torpor snails
  14 guardian serpents
  17 cane toads
  5 gargoyles
  3 ice statues (IceCv)
  Maggie (D:9)
  3 kobold demonologists
  5 rime drakes
  An efreet (D:13)
  3 swamp worm zombies (Swamp:2)
  9 komodo dragons
  2 freezing wraiths
  A tengu conjurer (D:13)
  9 trolls
  An entropy weaver simulacrum (IceCv)
  2 tyrant leeches (Swamp:1)
  4 hornets
  7 polar bears
  2 alligator zombies (Swamp:2)
  14 blink frogs
  15 slime creatures
  A blink frog (shapeshifter) (D:14)
  Sigmund (D:5)
  A shadow (D:10)
  4 spriggans (Swamp:1)
  39 yaks
  3 hogs (Snake:2)
  4 water elementals
  A vampire (D:9)
  3 wyverns
  5 wraiths
  4 basilisks
  3 tyrant leech zombies (Swamp:2)
  6 vampire mosquitoes
  3 steam dragons
  Menkaure (D:4)
  42 nagas
  A harpy simulacrum (IceCv)
  3 wargs (D:12)
  2 large abominations (Swamp:2)
  3 acid dragons
  Duvessa (D:6)
  4 swamp worms
  20 water moccasins
  2 swamp drakes (Lair:5)
  19 orc warriors
  2 sky beasts
  2 ice beasts (D:7)
  9 ogres
  3 black bears
  7 centaurs
  4 wolves (Lair:1)
  A wolf (shapeshifter) (D:12)
  6 kobold brigands
  15 bullfrogs
  4 cane toad simulacra (IceCv)
  2 scorpions
  8 wights
  Dowan (D:6)
  4 spriggan zombies (Swamp:2)
  2 troll zombies (Swamp:2)
  10 killer bees (D:11)
  4 howler monkeys
  20 electric eels
  A lava snake (D:8)
  4 hounds
  2 jellies
  27 orc priests
  2 gnoll boudas (D:8)
  Terence (D:2)
  23 orc wizards
  6 iguanas
  3 wolf simulacra
  Robin (D:3)
  8 gnolls
  8 adders
  A river rat (shapeshifter) (D:9)
  A white imp (D:5)
  A worm (D:3)
  12 dart slugs
  55 orcs
  11 ball pythons
  3 bats
  7 endoplasms
  4 giant cockroaches
  2 hobgoblins
  8 jackals
  A quokka (D:2)
  3 frilled lizards
  21 goblins
  23 kobolds
  3 rats (D:2)
910 creatures vanquished.

Vanquished Creatures (collateral kills)
  A stone giant (D:15)
  A two-headed ogre (D:9)
  A tengu warrior (D:15)
  2 salamanders (Snake:1)
  A naga (Snake:4)
  A wight (D:6)
  An orc priest (D:9)
  3 orc wizards (D:9)
  3 orcs (D:9)
14 creatures vanquished.

Vanquished Creatures (others)
  An ettin (D:12)
  A black mamba (Snake:1)
  A naga mage (Snake:1)
  A komodo dragon (Lair:5)
  A naga (Snake:4)
  6 foxfires
  40 fungi
  78 plants
  10 withered plants
139 creatures vanquished.

Grand Total: 1063 creatures vanquished

Notes
Turn   | Place    | Note
-------+----------+-------------------------------------------
     0 | D:1      | Pooter the Minotaur Berserker began the quest for the Orb.
     0 | D:1      | Reached XP level 1. HP: 19/19 MP: 0/0
   224 | D:1      | Reached skill level 4 in Axes
   257 | D:1      | Reached XP level 2. HP: 27/27 MP: 1/1
   716 | D:2      | Noticed a scorpion
   727 | D:2      | Killed a scorpion
   728 | D:2      | Reached skill level 5 in Axes
   728 | D:2      | Reached XP level 3. HP: 10/34 MP: 2/2
   728 | D:2      | Reached XP level 4. HP: 12/41 MP: 3/3
  1183 | D:2      | Noticed Terence
  1191 | D:2      | Killed Terence
  1521 | D:2      | Reached ** piety under Trog
  1629 | D:2      | Found a runed translucent door.
  1630 | D:2      | Noticed Crazy Yiuf
  1732 | D:3      | Found an iron altar of Okawaru.
  1746 | D:3      | Identified the +8 hand axe of Unoph {vorpal, rC+ rCorr}
  1901 | D:3      | Reached XP level 5. HP: 47/47 MP: 4/4
  1922 | D:3      | Reached skill level 6 in Axes
  1962 | D:3      | Reached skill level 5 in Fighting
  1967 | D:3      | Reached skill level 1 in Throwing
  2727 | D:3      | Noticed Robin
  2734 | D:3      | Killed Robin
  2854 | D:4      | Found a staircase to the Ecumenical Temple.
  2897 | D:4      | Reached XP level 6. HP: 56/56 MP: 5/5
  2927 | D:4      | Reached *** piety under Trog
  3050 | D:4      | Reached skill level 1 in Ranged Weapons
  3223 | D:4      | Noticed Menkaure
  3227 | D:4      | Killed Menkaure
  3228 | D:4      | Reached skill level 7 in Axes
  3356 | D:4      | Found Olyoc's Book Boutique.
  3630 | D:5      | Entered Level 5 of the Dungeon
  3757 | D:5      | Reached XP level 7. HP: 56/62 MP: 6/6
  3826 | D:5      | Found a burning altar of Makhleb.
  3826 | D:5      | Noticed Sigmund
  3832 | D:5      | Killed Sigmund
  4009 | D:5      | Reached skill level 8 in Axes
  4013 | D:5      | Reached XP level 8. HP: 40/71 MP: 7/7
  4020 | D:5      | Found Gecebb's Vocational Training.
  4020 | D:5      | Noticed Pikel
  4454 | D:5      | Killed Pikel
  4455 | D:5      | Reached skill level 9 in Axes
  4455 | D:5      | Reached skill level 5 in Ranged Weapons
  5059 | D:6      | Noticed Dowan
  5067 | D:6      | Noticed Duvessa
  5077 | D:6      | Killed Duvessa
  5079 | D:6      | Killed Dowan
  5188 | D:6      | Found a radiant altar of Vehumet.
  5235 | D:6      | Reached XP level 9. HP: 78/79 MP: 8/8
  5376 | D:6      | Reached skill level 10 in Axes
  5376 | D:6      | Reached skill level 1 in Evocations
  5576 | D:6      | Reached **** piety under Trog
  6346 | D:7      | Found a broken altar of Ashenzari.
  6583 | D:7      | Found a bloodstained altar of Trog.
  6813 | D:7      | Reached skill level 11 in Axes
  7116 | D:7      | Found an ancient bone altar of Kikubaaqudgha.
  7227 | D:8      | Found a hide-covered altar of Uskayaw.
  7499 | D:8      | Found a large runed translucent door.
  7499 | D:8      | Found a large runed translucent door.
  7503 | D:8      | Noticed Yogidamonk's ghost (novice MiBe)
  7582 | D:8      | Reached XP level 10. HP: 85/89 MP: 9/9
  7697 | D:8      | Found a shadowy altar of Dithmenos.
  7698 | D:8      | Found a basalt altar of Yredelemnul.
  7699 | D:8      | Found a shimmering altar of Xom.
  7723 | D:8      | Found a snail-covered altar of Cheibriados.
  8074 | D:8      | Upgraded the game from 0.29-a0-973-gac7da5f7f0 to
                  | 0.29-a0-982-gaed3a0c8d8
  8248 | D:9      | Noticed a two-headed ogre
  8267 | D:9      | Killed a two-headed ogre
  8337 | D:9      | Noticed a two-headed ogre
  8338 | D:9      | Noticed Maggie
  8438 | D:8      | Killed a two-headed ogre
  8532 | D:9      | Killed Maggie
  8533 | D:9      | Reached skill level 12 in Axes
  8788 | D:9      | Noticed a two-headed ogre
  8797 | D:9      | Killed a two-headed ogre
  8802 | D:9      | Found a runed translucent door.
  8810 | D:9      | Noticed a two-headed ogre
  8996 | D:9      | Identified the +1 scale mail "Niulugu" {-Tele rN+ Int+6
                  | Dex+2}
  9023 | D:9      | Reached skill level 10 in Ranged Weapons
  9158 | D:9      | Reached XP level 11. HP: 38/97 MP: 10/10
  9285 | D:9      | Noticed a deep elf pyromancer
  9285 | D:9      | Noticed a skeletal warrior
  9285 | D:9      | Found the +8 mithril axe "Arga" {speed, Will+}
  9409 | D:9      | Killed a two-headed ogre
  9410 | D:9      | Reached skill level 13 in Axes
  9437 | D:9      | Killed a deep elf pyromancer
  9775 | D:9      | Found the ring of the Octopus King {Fly HP+2 AC+2 EV+2
                  | SH+2}
  9775 | D:9      | Noticed a centaur warrior
  9780 | D:9      | Killed a centaur warrior
 11393 | D:9      | Noticed a two-headed ogre
 11401 | D:9      | Reached skill level 10 in Fighting
 11401 | D:9      | Reached skill level 5 in Evocations
 11404 | D:9      | Killed a two-headed ogre
 11501 | D:9      | Noticed a six-headed hydra
 11513 | D:9      | Killed a six-headed hydra
 11813 | D:9      | Found Qaoxzif's Self-Improvement Boutique.
 12055 | D:10     | Entered Level 10 of the Dungeon
 12103 | D:10     | Noticed a death yak
 12104 | D:10     | Noticed a death yak
 12108 | D:10     | Noticed a death yak
 12136 | D:9      | Killed a death yak
 12137 | D:9      | Reached skill level 14 in Axes
 12234 | D:9      | Killed a death yak
 12235 | D:9      | Killed a death yak
 12393 | D:10     | Reached XP level 12. HP: 101/108 MP: 11/11
 12667 | D:10     | Noticed a two-headed ogre
 12671 | D:10     | Killed a two-headed ogre
 13597 | D:10     | Found a sparkling altar of Nemelex Xobeh.
 13632 | D:10     | Found a sacrificial altar of Ru.
 13665 | D:10     | Found a staircase to the Lair.
 14378 | D:11     | Noticed dang3rdave's ghost (journeyman GrTm)
 14385 | D:11     | Found a transporter.
 15306 | D:11     | Identified the amulet of Joposs {Acrobat Dex+3}
 15483 | D:11     | Found a transporter.
 15498 | D:12     | Noticed a boulder beetle
 15500 | D:12     | Noticed SkeletonJelly's ghost (journeyman SpHu)
 15501 | D:12     | Found a transporter.
 15501 | D:12     | Noticed an ettin
 15502 | D:12     | Noticed a boulder beetle
 15679 | D:12     | Reached skill level 15 in Axes
 15741 | D:12     | Found a transporter.
 15776 | D:12     | Found a staircase to the Orcish Mines.
 15917 | Orc:1    | Entered Level 1 of the Orcish Mines
 16047 | Orc:1    | Noticed an ettin
 16058 | Orc:1    | Killed an ettin
 16676 | Orc:1    | Found Jabbi's Assorted Antiques.
 16681 | Orc:1    | Bought a fuming orange potion for 22 gold pieces
 16681 | Orc:1    | Bought a scroll of identify for 50 gold pieces
 16681 | Orc:1    | Bought a lumpy brown potion for 22 gold pieces
 16681 | Orc:1    | Bought a scroll of identify for 50 gold pieces
 16766 | Orc:2    | Entered Level 2 of the Orcish Mines
 16766 | Orc:2    | Found a burning altar of Makhleb.
 16850 | Orc:2    | Noticed an orc high priest
 17012 | Orc:2    | Noticed an orc high priest
 17099 | Orc:2    | Killed an orc high priest
 17105 | Orc:2    | Killed an orc high priest
 17205 | Orc:2    | Noticed an orc high priest
 17208 | Orc:2    | Killed an orc high priest
 17273 | Orc:2    | Noticed an orc high priest
 17284 | Orc:2    | Killed an orc high priest
 17414 | Orc:2    | Found Pawopec's Jewellery Shoppe.
 17414 | Orc:2    | Found Juhufut's General Store.
 17415 | Orc:2    | Found Zohil's Book Emporium.
 17418 | Orc:2    | Found Sibi Devijau's Distillery.
 17421 | Orc:2    | Bought a ring of poison resistance for 280 gold pieces
 17421 | Orc:2    | Bought a ring of see invisible for 210 gold pieces
 17422 | Orc:2    | Bought a scroll of identify for 34 gold pieces
 17422 | Orc:2    | Bought a scroll of identify for 34 gold pieces
 17422 | Orc:2    | Bought a potion of curing for 51 gold pieces
 17422 | Orc:2    | Bought a scroll of blinking for 127 gold pieces
 17422 | Orc:2    | Bought a potion of mutation for 136 gold pieces
 17427 | Orc:2    | Bought a potion of curing for 36 gold pieces
 17427 | Orc:2    | Bought a potion of might for 48 gold pieces
 17427 | Orc:2    | Bought a potion of might for 48 gold pieces
 17597 | Orc:2    | Found a staircase to the Elven Halls.
 17753 | Orc:2    | Bought a potion of mutation for 96 gold pieces
 17753 | Orc:2    | Gained mutation: Your flesh is cold resistant. (rC+)
                  | [potion of mutation]
 17753 | Orc:2    | Gained mutation: You are agile. (Dex +4, Str/Int -1)
                  | [potion of mutation]
 17789 | Orc:2    | Noticed Snorg
 17798 | Orc:2    | Killed Snorg
 17799 | Orc:2    | Reached XP level 13. HP: 117/117 MP: 12/12
 17897 | Orc:2    | Reached skill level 16 in Axes
 18278 | Orc:2    | Bought a potion of flight for 36 gold pieces
 18278 | Orc:2    | Bought a potion of attraction for 36 gold pieces
 18278 | Orc:2    | Bought a potion of heal wounds for 60 gold pieces
 18278 | Orc:2    | Bought a potion of might for 48 gold pieces
 18364 | Lair:1   | Entered Level 1 of the Lair of Beasts
 19762 | Lair:2   | Found a runed translucent gate.
 19763 | Lair:2   | Found a runed translucent gate.
 19764 | Lair:2   | Found a runed translucent gate.
 19769 | Lair:2   | Noticed RevDB's ghost (journeyman MiFi)
 19769 | Lair:2   | Noticed Esaaleno's ghost (journeyman NaIE)
 19836 | Lair:2   | Found a frozen archway.
 19845 | IceCv    | Entered an ice cave
 20006 | Lair:2   | Found a staircase to the Snake Pit.
 21046 | Lair:3   | Identified the +1 robe "Eraed" {Int+5}
 21184 | Lair:3   | Reached skill level 17 in Axes
 21622 | Lair:3   | Found a staircase to the Swamp.
 22158 | Lair:4   | Identified the +1 robe of Insurance {rCorr}
 22692 | Lair:4   | Found a viscous altar of Jiyva.
 22692 | Lair:4   | Found a staircase to the Slime Pits.
 22768 | Lair:4   | Reached skill level 5 in Armour
 22768 | Lair:4   | Reached XP level 14. HP: 115/127 MP: 13/13
 22794 | Lair:4   | Reached skill level 15 in Ranged Weapons
 23267 | Lair:5   | Entered Level 5 of the Lair of Beasts
 23415 | Lair:5   | Identified the +1 ring mail "Teiryhog" {Dex+2}
 25190 | D:12     | Reached skill level 18 in Axes
 26390 | D:13     | Found a gate to the Vaults.
 26584 | D:14     | You are sucked into a shaft and drop 1 floor!
 26584 | D:15     | Entered Level 15 of the Dungeon
 27073 | D:14     | Found a shimmering altar of Xom.
 27073 | D:14     | Found a shimmering altar of Xom.
 27073 | D:14     | Found a shimmering altar of Xom.
 27100 | D:14     | Found a shimmering altar of Xom.
 27102 | D:14     | Found a shimmering altar of Xom.
 27103 | D:14     | Found a shimmering altar of Xom.
 27103 | D:14     | Found a shimmering altar of Xom.
 27589 | D:15     | Reached XP level 15. HP: 137/137 MP: 14/14
 27787 | D:15     | Found a staircase to the Depths.
 27933 | D:15     | Found a transporter.
 27953 | D:15     | Found a transporter.
 27961 | D:15     | Noticed Ireuz's ghost (journeyman GrFi)
 28205 | D:8      | Killed Yogidamonk's ghost
 28339 | D:11     | Killed dang3rdave's ghost
 28633 | D:12     | Killed SkeletonJelly's ghost
 28637 | D:12     | Reached skill level 19 in Axes
 28815 | Lair:2   | Killed RevDB's ghost
 28817 | Lair:2   | Killed Esaaleno's ghost
 29799 | Elf:1    | Entered Level 1 of the Elven Halls
 29799 | Elf:1    | Found a runed translucent gate.
 29799 | Elf:1    | Found a runed translucent gate.
 29799 | Elf:1    | Found a runed translucent gate.
 29799 | Elf:1    | Found a runed translucent gate.
 29799 | Elf:1    | Found a runed translucent gate.
 29799 | Elf:1    | Found a runed translucent gate.
 29802 | Elf:1    | Found a runed translucent door.
 29898 | Elf:1    | Found a flickering gateway to a bazaar.
 29911 | Bazaar   | Entered a bazaar
 29913 | Bazaar   | Found Felu's Book Shoppe.
 29930 | Bazaar   | Found Coipno's Armour Boutique.
 29935 | Bazaar   | Found Keawobi's Book Boutique.
 29943 | Bazaar   | Found Kumewuw's Antique Weapon Boutique.
 29945 | Bazaar   | Found Miahuow's Armour Shop.
 29955 | Bazaar   | Bought a +0 cloak of willpower for 80 gold pieces
 29978 | Bazaar   | Bought a +2 pair of gloves of stealth for 322 gold pieces
 30009 | Elf:1    | Found a runed translucent door.
 30335 | Elf:1    | Identified the +5 spear "Cefrism" {drain, Int+3}
 30483 | Elf:1    | Noticed a Brimstone Fiend
 30976 | Snake:1  | Entered Level 1 of the Snake Pit
 31512 | Snake:1  | Identified the +0 buckler "Pukuellu" {rC+}
 31879 | Snake:1  | Identified a scroll of acquirement
 31914 | Snake:1  | Acquired the amulet "Lighiwkog" {Reflect rF+ SH+5}
 32794 | Snake:2  | You are sucked into a shaft and drop 1 floor!
 32794 | Snake:3  | Found Elimp's Magic Scroll Boutique.
 32797 | Snake:3  | Bought a scroll of enchant weapon for 105 gold pieces
 32900 | Snake:2  | Noticed Kirke
 33017 | Snake:2  | Killed Kirke
 33117 | Snake:2  | Reached XP level 16. HP: 100/147 MP: 15/15
 33537 | Snake:2  | Reached skill level 10 in Evocations
 33821 | Snake:2  | Reached skill level 20 in Axes
 33834 | Snake:2  | Noticed Asterion
 33860 | Snake:2  | Killed Asterion
 34651 | Snake:2  | Upgraded the game from 0.29-a0-982-gaed3a0c8d8 to
                  | 0.29-a0-993-g4a18f31a58
 34811 | Snake:3  | Reached skill level 15 in Fighting
 34920 | Snake:3  | Reached skill level 10 in Armour
 36190 | Snake:4  | Entered Level 4 of the Snake Pit
 36199 | Snake:4  | Reached skill level 1 in Stealth
 41050 | Snake:4  | Reached XP level 17. HP: 158/158 MP: 16/16
 41649 | Snake:4  | Reached skill level 5 in Dodging
 42074 | Snake:4  | Found Nofahoku's General Store.
 42082 | Snake:4  | Bought a wand of mindburst (3) for 75 gold pieces
 42082 | Snake:4  | Bought a scroll of enchant weapon for 135 gold pieces
 43245 | Snake:4  | Reached ***** piety under Trog
 44153 | Snake:4  | Got a serpentine rune of Zot
 44364 | Swamp:1  | Entered Level 1 of the Swamp
 44367 | Swamp:1  | Noticed Nikola
 44446 | Swamp:1  | Killed Nikola
 45070 | Swamp:1  | Reached skill level 5 in Stealth
 45546 | Swamp:1  | You are sucked into a shaft and drop 1 floor!
 45616 | Swamp:2  | Reached skill level 21 in Axes
 46484 | Swamp:2  | HP: 8/162 [death drake (7)]
 46485 | Swamp:2  | Engulfed by a death drake's foul pestilence

Illustrated notes

Levels and vault maps discovered:
D:1:      dpeg_arrival_refuge, layout_loops_cross
D:2:      layout_rooms, moated_statue, uniq_crazy_yiuf_cottage, uniq_terence
D:3:      kennysheep_goblin_castle, layout_loops_ring, okawaru_ov_weapons_minmay
D:4:      minmay_chambers_of_fours, layout_basic,
          minmay_temple_entry_large_hall, serial_shops, shop, uniq_menkaure
D:5:      kennysheep_slugbush, layout_loops_ring, mainiacjoe_overflow_24_doors,
          skrybe_limestone_x, nicolae_shop_vocational, uniq_sigmund, uniq_pikel
D:6:      layout_loops_ring, mainiacjoe_overflow_chevrons,
          minmay_misc_feat_nine_boxes, uniq_duvessa
D:7:      layout_loops_ring, tgw_kikubaaqudgha, nicolae_ashenzari_skybound,
          mainiacjoe_overflow_small_starburst
D:8:      layout_gridville, eat_drink_and_be_merry_uskayaw,
          chequers_temple_overflow_statue_of_worship,
          ebering_ghost_disaster_area, grunt_decor_junction
D:9:      minmay_the_grid_triangle_9x9_recursive_2_mashed
          [minmay_the_grid_triangle_9x9_prize_insulated,
          minmay_the_grid_triangle_9x9_dagger,
          minmay_the_grid_triangle_9x9_cache,
          minmay_the_grid_triangle_9x9_subtriangle], layout_small_grid,
          serial_park_tiny_pond, nicolae_shop_self_help, uniq_maggie
D:10:     layout_basic, nemelex_diamond_rough_becter,
          nicolae_ru_the_path_less_chosen, dpeg_lair_monsters
D:11:     layout_irregular_city, gammafunk_ghost_berserking_beasts
D:12:     layout_basic, minmay_orc_entry_guard_dogs, gammafunk_ghost_arena
D:13:     layout_basic, david_vaults_5, minmay_misc_feat_room
D:14:     layout_loops_ring, nicolae_xom_altar_mimics
D:15:     grunt_enter_depths_snipers, layout_rooms, gammafunk_ghost_stat_death
Lair:1:   beast_lair_carwin_large_2, layout_gridlike, grunt_megastairs_2,
          serial_bayou_shore_b, lemuel_fruit_fields
Lair:2:   layout_chaotic_city, guppyfry_snake_entry_garden,
          gammafunk_ghost_cemetery, portal_ice_cave_entry_ice_simulacra
Lair:3:   layout_chaotic_city, minmay_swamp_entry_wisps, beast_lair_carwin_1,
          grunt_megastairs_1
Lair:4:   layout_loops_ring, dpeg_slime_entry_enclosed
Lair:5:   guppyfry_lair_end_dragon, layout_cave_pods, st_stairs_9,
          serial_bayou_lake_a, grunt_megastairs_5
Swamp:1:  layout_basic_swamp, evilmike_swamp_ruin_house_4, uniq_nikola
Swamp:2:  cheibrodos_swamp_mausoleum, layout_falls_marsh, hangedman_swamp_pad
Snake:1:  layout_basic
Snake:2:  layout_cave_pods, serial_bayou_shore_a, uniq_kirke, uniq_asterion
Snake:3:  layout_rooms, serial_shops, shop_fountains
Snake:4:  snake_pit_salamanders_mu, layout_onion, serial_shops, shop
Orc:1:    layout_diamond_mine, serial_shops, nicolae_shop_hallway_plus
Orc:2:    st_orc_mages, layout_caves, basic_altar, uniq_snorg
Elf:1:    nicolae_elf_arrival_dilemma, layout_loops_ring, serial_shops,
          bzr_entry_lakeside, minivault_28, drop_trap, uniq_zenata, uniq_agnes

Skill      XL: |  1  2  3  4  5  6  7  8  9 10 11 12 13 14 15 16 17 |
---------------+----------------------------------------------------+-----
Axes           | 4 5 6 7 8 9 11 12 14 15 17 18 19 20 21 | 21.0
Fighting       | 4 5 6 7 8 9 10 11 12 13 14 15 16 | 16.7
Throwing       | 1 2 3 4 |  4.2
Ranged Weapons | 2 4 6 8 10 11 13 14 16 17 18 | 18.0
Evocations     | 2 4 5 7 8 9 10 | 10.4
Armour         | 5 7 9 11 12 | 12.4
Stealth        | 3 5 |  5.6
Dodging        | 4 7 |  7.2

Action                   |  1- 3 |  4- 6 |  7- 9 | 10-12 | 13-15 | 16-18 || total
-------------------------+-------+-------+-------+-------+-------+-------++-------
Melee: Hand axe          |    26 |   122 |    56 |       |       |       ||   204
       Headbutt          |     3 |    11 |    24 |    71 |   184 |   133 ||   426
       Battleaxe         |       |       |   133 |    93 |       |   356 ||   582
       Broad axe         |       |       |       |   239 |   709 |   144 ||  1092
       Morningstar       |       |       |       |     6 |    22 |    11 ||    39
       Punch             |       |       |       |     2 |    13 |     1 ||    16
       Arbalest          |       |       |       |     1 |       |       ||     1
 Fire: Sling             |       |    18 |    48 |       |       |       ||    66
       Shortbow          |       |       |    21 |       |       |       ||    21
       Arbalest          |       |       |       |   167 |   293 |   356 ||   816
Throw: Stone             |     4 |       |       |       |       |       ||     4
       Boomerang         |       |    15 |     4 |    16 |    13 |    20 ||    68
       Dart              |       |       |       |       |    38 |       ||    38
Invok: Berserk           |       |     2 |     7 |    20 |    14 |     7 ||    50
       Trog's Hand       |       |       |     6 |    36 |    34 |    24 ||   100
Evoke: Wand              |       |       |     1 |    21 |    34 |    18 ||    74
       Tin of tremorston |       |       |       |       |     3 |       ||     3
       Piece from Xom's  |       |       |       |       |     1 |       ||     1
       Phantom mirror    |       |       |       |       |       |     1 ||     1
  Use: Scroll            |       |     5 |     7 |    14 |    20 |    11 ||    57
       Potion            |       |       |       |     4 |     9 |     9 ||    22
 Stab: Sleeping          |     1 |       |       |       |       |       ||     1
       Betrayed ally     |       |       |     1 |       |       |       ||     1
       Petrified         |       |       |       |       |    12 |       ||    12
       Confused          |       |       |       |       |     1 |       ||     1
       Invisible         |       |       |       |       |       |     6 ||     6
Armor: Animal skin       |     3 |     2 |       |       |       |       ||     5
       Chain mail        |       |    31 |    97 |    13 |       |       ||   141
       Plate armour      |       |       |       |   158 |   337 |   279 ||   774
Dodge: Dodged            |    11 |    62 |   104 |   180 |   304 |   212 ||   873
Block: Other             |       |       |       |    11 |    48 |   185 ||   244
       Reflection        |       |       |       |       |     1 |    29 ||    30

Table legend: (Time is in decaauts)
 A = Elapsed time spent in this place.
 B = Non-inter-level travel time spent in this place.
 C = Inter-level travel time spent in this place.
 D = Time resting spent in this place.
 E = Time spent auto-exploring this place.
 F = Levels seen in this place.
 G = Mean time per level.
                   A        B        C        D        E       F      G
               +--------+--------+--------+--------+--------+-----+--------+
         Total |  46678 |  44150 |   2528 |  20484 |  16038 |  31 | 1505.7 |
       Dungeon |  21287 |  19847 |   1440 |   7758 |   8946 |  15 | 1419.1 |
          Lair |   6909 |   6248 |    661 |   1592 |   3553 |   5 | 1381.8 |
         Swamp |   1671 |   1636 |     35 |    523 |    725 |   2 |  835.5 |
     Snake Pit |  13309 |  13080 |    229 |   9051 |   2557 |   4 | 3327.2 |
  Orcish Mines |   2847 |   2686 |    161 |   1317 |    251 |   2 | 1423.5 |
   Elven Halls |    425 |    425 |      0 |    238 |      0 |   1 |  425.0 |
        Bazaar |     84 |     84 |      0 |      0 |      0 |   1 |   84.0 |
      Ice Cave |    143 |    143 |      0 |      3 |      6 |   1 |  143.0 |
               +--------+--------+--------+--------+--------+-----+--------+

Top non-repeatable levels by time:
 Snake:4: 7885 daAuts
     D:9: 3836 daAuts
    D:10: 2407 daAuts
 Snake:2: 2061 daAuts
   Orc:2: 1841 daAuts
  Lair:3: 1818 daAuts
     D:8: 1773 daAuts
 Snake:3: 1763 daAuts
    D:11: 1660 daAuts
 Snake:1: 1598 daAuts
  Lair:5: 1456 daAuts
     D:7: 1370 daAuts
  Lair:2: 1328 daAuts
    D:13: 1317 daAuts
  Lair:1: 1272 daAuts
